Map: Berlingrad LE

Players

SKillous

  • Race: Protoss Protoss
  • League: Master

DRG - Winner!

  • Race: Zerg Zerg

VOD

Have the link to the VOD?

Description

Time

  • Played on: Oct. 21, 2021, 9:55 a.m.
  • Length: 16:43
Show
View Real Time Build Order
Export as new Build Order

SKillous Protoss 

Build Orders: 1 Gate Expand, Oracle Opening, Zealot Archon 

Get SALT Encoding   

  12  0:00  Probe  
  13  0:12  Probe  
  14  0:19  Pylon  
  14  0:24  Probe  
  15  0:38  Probe (Chrono Boost)  
  15  0:40  Gateway  
  16  0:47  Probe (Chrono Boost), Assimilator  
  17  0:52  Probe (Chrono Boost)  
  19  1:04  Probe  
  19  1:16  Probe  
  20  1:23  Nexus  
  20  1:34  Cybernetics Core  
  20  1:37  Probe  
  21  1:43  Assimilator  
  21  1:49  Probe  
  21  1:53  Pylon  
  22  2:01  Probe  
  23  2:09  Adept (Chrono Boost)  
  23  2:13  Probe (Chrono Boost)  
  26  2:17  Stargate  
  27  2:23  Probe (Chrono Boost)  
  27  2:24  Warp Gate  
  27  2:31  Adept  
  27  2:34  Probe (Chrono Boost)  
  27  2:36  Probe (Chrono Boost)  
  33  2:45  Probe (Chrono Boost)  
  33  2:46  Probe (Chrono Boost)  
  33  2:50  Probe (Chrono Boost)  
  33  2:53  Void Ray (Chrono Boost)  
  33  2:54  Probe  
  35  3:02  Probe  
  40  3:08  Probe  
  40  3:09  Pylon  
  41  3:14  Probe  
  41  3:16  Gateway  
  42  3:20  Probe  
  42  3:26  Probe  
  44  3:29  Oracle  
  44  3:32  Probe  
  48  3:38  Probe  
  49  3:44  Probe  
  49  3:47  Nexus  
  50  3:53  Pylon  
  50  3:56  Probe (Chrono Boost)  
  50  4:01  Probe (Chrono Boost), Assimilator  
  52  4:03  Assimilator  
  52  4:06  Probe (Chrono Boost)  
  54  4:10  Probe (Chrono Boost)  
  54  4:11  Probe (Chrono Boost)  
  54  4:12  Stargate  
  55  4:20  Probe  
  55  4:22  Probe  
  57  4:25  Pylon  
  57  4:29  Shield Battery, Protoss Air Weapons Level 1  
  57  4:32  Probe (Chrono Boost), Pylon  
  57  4:33  Void Ray  
  57  4:35  Forge  
  59  4:44  Probe (Chrono Boost)  
  64  4:49  Probe (Chrono Boost)  
  64  4:50  Void Ray  
  64  4:51  Probe (Chrono Boost)  
  65  4:58  Probe (Chrono Boost)  
  71  5:00  Probe x2 (Chrono Boost)  
  71  5:07  Robotics Facility  
  72  5:10  Probe (Chrono Boost)  
  72  5:11  Probe (Chrono Boost)  
  72  5:12  Probe (Chrono Boost)  
  72  5:13  Shield Battery, Assimilator  
  75  5:14  Assimilator  
  75  5:15  Probe (Chrono Boost)  
  75  5:16  Probe (Chrono Boost)  
  75  5:19  Void Ray, Probe  
  78  5:25  Probe  
  78  5:28  Probe  
  84  5:30  Photon Cannon  
  84  5:31  Void Ray  
  84  5:32  Probe (Chrono Boost)  
  85  5:37  Probe (Chrono Boost)  
  85  5:42  Pylon  
  91  5:45  Probe (Chrono Boost)  
  91  5:48  Pylon  
  91  5:49  Probe (Chrono Boost)  
  92  5:51  Probe (Chrono Boost)  
  92  5:55  Protoss Ground Weapons Level 1 (Chrono Boost)  
  92  5:56  Void Ray, Pylon  
  93  6:00  Observer  
  98  6:06  Twilight Council  
  98  6:09  Pylon  
  98  6:10  Probe  
  98  6:11  Pylon  
  99  6:14  Gateway  
  99  6:15  Gateway  
  99  6:16  Void Ray, Gateway  
  99  6:18  Gateway  
  103  6:33  Nexus  
  103  6:36  Pylon  
  103  6:38  Probe  
  104  6:40  Charge (Chrono Boost)  
  104  6:43  Gateway  
  104  6:46  Templar Archives  
  104  6:47  Gateway  
  104  6:51  Gateway  
  104  6:54  Photon Cannon  
  104  6:59  Pylon  
  104  7:02  Pylon  
  103  7:15  Probe, Warp Prism (Chrono Boost)  
  103  7:16  Probe  
  103  7:18  Pylon  
  107  7:27  High Templar x6  
  119  7:31  Archon  
  119  7:32  Archon x2  
  119  7:35  Probe x3  
  122  7:45  Gateway x2, High Templar x2  
  122  7:47  Probe, Gateway  
  122  7:48  Photon Cannon  
  122  7:49  Archon, Assimilator  
  122  7:51  Pylon  
  127  7:53  Assimilator  
  127  7:55  Zealot  
  127  7:57  Shield Battery  
  127  7:58  Protoss Ground Weapons Level 2 (Chrono Boost)  
  129  8:01  Zealot x6  
  129  8:05  Probe x2 (Chrono Boost)  
  141  8:12  Probe x2 (Chrono Boost)  
  143  8:15  Probe x2 (Chrono Boost)  
  145  8:26  Zealot x8  
  161  8:30  Psionic Storm  
  157  8:34  Zealot  
  135  8:42  Fleet Beacon  
  135  8:46  Stargate  
  135  8:47  High Templar x4  
  141  8:50  Shield Battery  
  141  8:55  Zealot x4  
  149  8:58  Zealot  
  145  9:15  Zealot x4  
  145  9:16  Zealot x3  
  159  9:23  Zealot x5  
  153  9:26  Carrier (Chrono Boost)  
  153  9:31  Carrier (Chrono Boost)  
  146  9:51  Photon Cannon  
  146  9:54  Photon Cannon  
  146  9:59  Protoss Air Weapons Level 2 (Chrono Boost)  
  152  10:05  Carrier (Chrono Boost)  
  149  10:07  Probe x2, Photon Cannon  
  149  10:08  High Templar  
  149  10:09  Shield Battery, High Templar  
  149  10:10  High Templar x2  
  149  10:13  Zealot  
  161  10:15  Archon  
  161  10:21  Zealot  
  163  10:26  Pylon  
  163  10:27  Pylon  
  163  10:28  Photon Cannon  
  163  10:33  Carrier  
  162  10:41  Protoss Shields Level 1 (Chrono Boost)  
  162  10:44  Carrier  
  162  10:45  Photon Cannon  
  168  10:50  Pylon  
  168  11:00  Warp Prism  
  168  11:08  Nexus  
  168  11:11  Robotics Bay  
  168  11:16  Robotics Facility  
  168  11:19  Zealot x2  
  166  11:27  Shield Battery  
  166  11:29  Pylon  
  166  11:30  Photon Cannon  
  160  11:47  Archon  
  160  11:51  Zealot x5  
  160  11:52  Zealot x4  
  173  11:57  Disruptor (Chrono Boost)  
  173  12:00  Disruptor (Chrono Boost)  
  179  12:19  Nexus  
  179  12:21  Pylon, High Templar x2  
  169  12:23  Protoss Air Weapons Level 3 (Chrono Boost)  
  169  12:25  Disruptor x2 (Chrono Boost)  
  169  12:26  High Templar  
  169  12:27  High Templar x3  
  178  12:30  Archon  
  178  12:31  Archon x2  
  178  12:35  Zealot, High Templar x2  
  178  12:36  Zealot x2  
  188  12:39  Pylon  
  188  12:40  Archon  
  180  12:53  Pylon, Protoss Shields Level 2 (Chrono Boost)  
  180  12:59  High Templar x2  
  184  13:06  Archon  
  184  13:12  High Templar x2  
  186  13:14  Zealot x4  
  186  13:17  Archon  
  186  13:19  Pylon  
  196  13:23  Pylon  
  185  13:41  High Templar x2  
  185  13:42  High Templar x2  
  185  13:43  Zealot x3  
  185  13:46  Archon x2  
  130  14:03  Zealot x8  
  130  14:11  Void Ray x2  
  130  14:13  Void Ray  
  104  14:24  Zealot x9  
  104  14:25  Zealot x3  
  126  14:32  Immortal (Chrono Boost)  
  120  14:46  Zealot x5  
  120  14:49  Zealot  
  124  14:57  Zealot x2  
  120  15:10  Immortal  
  112  15:28  Zealot x2  
  116  15:37  Immortal (Chrono Boost)  
  120  15:48  Nexus  
  120  15:52  High Templar  
  120  15:53  High Templar  
  120  15:57  High Templar x2  
  126  15:58  Archon  
  126  16:02  Archon  
  128  16:09  Observer x2  
  116  16:16  Zealot x4  
  102  16:23  Zealot  
Show
View Real Time Build Order
Export as new Build Order

DRG Zerg - Winner!

Build Orders: Hatch First 

Get SALT Encoding   

  12  0:00  Drone  
  13  0:12  Overlord  
  13  0:16  Drone  
  14  0:30  Drone x2  
  14  0:34  Drone  
  17  0:52  Hatchery  
  17  0:53  Drone  
  17  0:57  Drone  
  18  1:08  Extractor  
  17  1:12  Spawning Pool  
  17  1:15  Drone  
  17  1:18  Drone  
  18  1:28  Drone  
  19  1:38  Drone  
  20  1:50  Overlord  
  20  2:00  Queen  
  22  2:04  Queen  
  22  2:05  Zergling x4  
  26  2:11  Drone  
  26  2:13  Metabolic Boost  
  27  2:17  Drone  
  27  2:21  Drone  
  29  2:26  Drone  
  30  2:32  Drone  
  31  2:37  Drone  
  31  2:43  Hatchery  
  31  2:45  Queen  
  31  2:49  Overlord  
  33  2:52  Drone  
  33  2:54  Drone  
  35  2:59  Drone  
  35  3:04  Overlord  
  36  3:09  Drone x4  
  40  3:14  Queen  
  40  3:17  Drone  
  43  3:20  Drone  
  43  3:24  Queen  
  46  3:28  Drone  
  46  3:31  Overlord  
  47  3:39  Drone x2  
  47  3:40  Drone  
  50  3:42  Drone  
  50  3:43  Evolution Chamber  
  50  3:52  Drone x2  
  52  3:56  Queen  
  52  3:58  Overlord  
  52  3:59  Spore Crawler  
  52  4:00  Drone, Spore Crawler  
  52  4:06  Drone x4  
  52  4:09  Zerg Melee Weapons Level 1  
  56  4:10  Drone  
  56  4:11  Drone  
  56  4:12  Drone  
  56  4:15  Drone  
  60  4:18  Drone x2  
  60  4:20  Drone  
  60  4:23  Overlord  
  63  4:27  Spore Crawler  
  63  4:28  Drone x2  
  64  4:33  Zergling x6  
  64  4:37  Drone x3, Baneling Nest  
  69  4:38  Extractor  
  69  4:40  Drone x2  
  69  4:42  Drone  
  71  4:46  Drone  
  71  4:49  Drone  
  71  4:50  Overlord  
  71  4:51  Drone x3  
  76  4:58  Drone  
  77  5:04  Drone x2  
  77  5:05  Hatchery  
  78  5:07  Extractor  
  78  5:08  Extractor  
  78  5:09  Drone x6  
  81  5:15  Lair  
  81  5:17  Zergling x6  
  81  5:20  Overlord  
  84  5:21  Drone  
  84  5:23  Drone  
  84  5:25  Drone, Queen  
  84  5:26  Extractor  
  84  5:28  Drone  
  89  5:30  Extractor, Overlord  
  88  5:38  Queen, Overlord  
  88  5:40  Drone  
  88  5:41  Drone x3  
  94  5:43  Overlord  
  94  5:44  Drone x3  
  94  5:49  Overlord  
  97  5:53  Zergling x4  
  97  5:57  Overlord  
  99  6:00  Drone x2, Queen  
  99  6:03  Evolution Chamber  
  101  6:04  Drone x2  
  101  6:05  Drone  
  101  6:08  Drone x4  
  107  6:12  Zerg Melee Weapons Level 2  
  107  6:14  Overlord  
  107  6:15  Queen  
  107  6:16  Queen  
  111  6:20  Drone x3  
  111  6:22  Queen  
  111  6:25  Overlord  
  116  6:26  Drone  
  116  6:29  Overlord  
  115  6:32  Zerg Ground Armor Level 1  
  115  6:36  Queen, Overlord  
  115  6:37  Drone  
  115  6:38  Drone x3  
  115  6:39  Extractor x2  
  118  6:43  Drone x3, Infestation Pit  
  118  6:44  Zergling x2  
  118  6:45  Zergling x2  
  122  6:49  Zergling x2  
  122  6:50  Zergling x2  
  122  6:51  Spire, Zergling x4  
  122  6:54  Overseer, Zergling x6  
  128  6:57  Zergling x6  
  128  6:59  Queen  
  133  7:05  Zergling x12  
  137  7:09  Zergling x8  
  137  7:12  Queen  
  142  7:19  Queen  
  142  7:21  Overlord  
  140  7:25  Overlord  
  140  7:29  Hatchery  
  138  7:30  Overlord  
  138  7:32  Pathogen Glands  
  138  7:33  Hive  
  138  7:36  Burrow  
  136  7:37  Zergling x16  
  136  7:41  Zergling x10  
  149  7:50  Queen  
  151  7:57  Zergling x22  
  158  8:04  Spore Crawler  
  158  8:05  Zerg Flyer Armor Level 1  
  151  8:08  Zergling x16  
  159  8:14  Zergling x8  
  159  8:17  Baneling x11  
  163  8:20  Zergling x6  
  164  8:34  Queen x2  
  146  8:36  Zergling x16  
  149  8:47  Spore Crawler  
  150  8:49  Mutalisk x2  
  150  8:54  Drone x2  
  150  8:55  Adrenal Glands  
  156  9:01  Zerg Melee Weapons Level 3, Zerg Ground Armor Level 2  
  156  9:09  Queen, Zergling x2  
  162  9:10  Zergling x14  
  162  9:14  Zergling x2  
  163  9:21  Queen  
  151  9:33  Zergling x20  
  151  9:34  Overlord  
  151  9:38  Queen  
  156  9:43  Hatchery  
  153  9:51  Overlord  
  153  9:52  Queen, Overlord x2  
  154  10:03  Queen  
  156  10:15  Ultralisk Cavern  
  154  10:29  Zergling x26  
  154  10:35  Zergling x10  
  169  10:41  Centrifugal Hooks  
  156  10:52  Baneling x8  
  154  11:05  Ultralisk x3  
  154  11:06  Chitinous Plating  
  172  11:12  Ultralisk  
  172  11:18  Hatchery  
  155  11:28  Zerg Flyer Armor Level 2  
  155  11:30  Infestor x7  
  168  11:37  Zergling x2  
  168  11:38  Zergling x12  
  168  11:39  Overseer x2  
  173  11:46  Ultralisk  
  177  11:49  Overlord  
  177  11:51  Overlord x2  
  177  12:00  Overlord x3  
  176  12:07  Overlord x2  
  176  12:08  Zerg Ground Armor Level 3  
  176  12:09  Zerg Missile Weapons Level 1, Neural Parasite  
  176  12:14  Overlord x2  
  171  12:30  Ultralisk x2  
  171  12:37  Infestor x3  
  183  12:43  Zergling x22  
  199  12:54  Overseer x2  
  199  12:58  Spire  
  198  12:59  Hatchery  
  198  13:05  Overseer x3  
  196  13:08  Zergling x6  
  199  13:14  Infestor x9  
  196  13:37  Zergling x12  
  199  13:42  Infestor x3  
  199  13:45  Zergling x10  
  173  13:55  Zergling x6  
  173  13:56  Zergling x16  
  172  14:03  Ultralisk  
  172  14:04  Ultralisk  
  172  14:06  Zergling x18  
  173  14:10  Infestor  
  173  14:12  Ultralisk x2  
  173  14:15  Zergling x2  
  174  14:21  Baneling x2  
  174  14:22  Baneling x11  
  172  14:31  Infestor  
  172  14:32  Infestor  
  170  14:46  Infestor x3  
  170  14:49  Queen x2  
  178  14:56  Infestor x7  
  163  15:12  Infestor x2  
  163  15:13  Infestor x4  
  171  15:22  Zergling x2  
  171  15:23  Zergling x10  
  172  15:39  Hatchery  
  172  15:41  Overlord  
  171  15:49  Zergling x8  
  175  16:00  Zergling x10  
  167  16:13  Zergling x4  
  167  16:18  Zergling x4  
Tags
 
Add a new tag
Caveats
  • Supply blocks, unpowered buildings, or Contaminate may cause inaccurate times.
  • Supply counts are checked every 10 seconds.